Map: Romanticide LE

Players

Mackintac

  • Race: Zerg Zerg
  • League: Master
  • Spawn Location: 11:00

LanaDelRey - Winner!

  • Race: Protoss Protoss
  • Spawn Location: 5:00

VOD

Have the link to the VOD?

Description

Time

  • Played on: March 13, 2021, 8:21 p.m.
  • Length: 14:47
Show
View Real Time Build Order
Export as new Build Order

Mackintac Zerg 

Build Orders: Hatch First 

Get SALT Encoding   

  12  0:00  Drone  
  13  0:13  Overlord  
  13  0:18  Drone  
  14  0:35  Drone x3  
  17  0:51  Hatchery  
  17  0:55  Drone  
  17  1:02  Drone  
  18  1:09  Extractor  
  17  1:15  Spawning Pool  
  17  1:16  Drone  
  17  1:21  Drone  
  18  1:36  Drone  
  19  1:46  Drone  
  20  2:03  Queen x2, Overlord  
  20  2:05  Zergling x4  
  26  2:14  Drone x2  
  28  2:22  Metabolic Boost  
  28  2:29  Drone x2  
  30  2:37  Drone x2  
  32  2:48  Drone x2  
  34  2:56  Drone  
  34  2:57  Drone  
  36  3:04  Extractor  
  34  3:09  Overlord x2  
  35  3:12  Zergling x2  
  35  3:26  Extractor, Queen x2  
  39  3:34  Overlord  
  39  3:35  Drone x5  
  44  3:45  Spore Crawler, Hatchery  
  43  3:53  Overlord  
  43  3:55  Drone x4  
  48  4:05  Overlord  
  48  4:07  Queen  
  50  4:11  Queen  
  50  4:12  Overlord  
  50  4:14  Extractor, Drone x2  
  53  4:18  Drone x2  
  53  4:23  Overlord  
  55  4:25  Spore Crawler  
  55  4:26  Drone  
  55  4:27  Spore Crawler  
  54  4:33  Drone  
  54  4:36  Drone x3  
  54  4:38  Drone  
  59  4:48  Drone x4  
  59  4:49  Lair  
  59  4:50  Extractor  
  59  4:52  Queen  
  62  4:55  Drone  
  62  4:57  Queen  
  67  5:01  Drone x2  
  69  5:12  Drone x2  
  69  5:13  Drone, Evolution Chamber x2  
  70  5:18  Drone x3, Zergling x2  
  70  5:19  Drone  
  75  5:27  Hatchery  
  74  5:29  Queen, Overlord  
  74  5:34  Queen  
  78  5:35  Drone  
  78  5:36  Drone x2  
  78  5:42  Zerg Ground Armor Level 1, Zerg Missile Weapons Level 1  
  81  5:43  Overlord  
  81  5:46  Overlord  
  81  5:47  Drone  
  82  5:51  Extractor  
  81  6:00  Drone  
  81  6:01  Drone, Infestation Pit  
  81  6:03  Hatchery  
  81  6:10  Drone x3  
  81  6:11  Queen x3  
  89  6:29  Drone x6  
  89  6:30  Drone x6, Overlord  
  89  6:31  Overlord  
  101  6:40  Hatchery  
  100  6:48  Pathogen Glands  
  100  6:53  Drone x3  
  100  6:54  Drone  
  104  6:59  Queen x3  
  104  7:01  Overlord  
  110  7:03  Hatchery  
  109  7:15  Queen x2, Overlord x2  
  109  7:17  Drone  
  109  7:21  Infestor x2  
  109  7:22  Infestor x3  
  124  7:35  Queen  
  124  7:40  Queen x2  
  118  7:51  Drone x3  
  118  7:52  Drone x4  
  118  7:53  Queen x3  
  128  8:10  Queen  
  130  8:16  Queen x2, Hatchery  
  130  8:17  Hatchery  
  132  8:28  Queen x3  
  132  8:34  Zerg Missile Weapons Level 2, Zerg Ground Armor Level 2  
  137  8:51  Queen  
  137  8:52  Queen  
  139  8:58  Infestor x5  
  149  9:04  Queen x3  
  155  9:20  Hive  
  155  9:21  Overlord  
  155  9:23  Overlord  
  153  9:25  Hatchery  
  153  9:27  Overlord x2, Queen x2  
  156  9:34  Queen x2, Hatchery  
  156  9:37  Drone x4  
  156  9:38  Drone, Hatchery x2  
  162  9:40  Queen x3  
  168  9:55  Overlord x3  
  168  10:03  Queen x2  
  172  10:10  Queen x2  
  176  10:15  Queen x2  
  180  10:25  Hatchery  
  179  10:31  Infestor x2  
  179  10:33  Infestor  
  179  10:34  Queen x2  
  189  10:39  Queen x2  
  191  10:46  Queen x2  
  191  10:49  Overlord  
  195  10:50  Overlord  
  185  11:11  Queen x2  
  185  11:12  Queen x5  
  191  11:25  Zerg Ground Armor Level 3, Zerg Missile Weapons Level 3  
  189  11:39  Queen  
  183  11:40  Queen x3  
  177  11:59  Queen x2  
  177  12:00  Queen x5  
  171  12:15  Queen x3  
  161  12:16  Queen  
  153  12:35  Queen x7  
  163  12:39  Infestor  
  163  12:40  Infestor x4  
  173  12:51  Queen x4  
  181  13:11  Queen x7  
  193  13:26  Queen  
  193  13:27  Queen x2  
  178  13:44  Queen x2  
  168  13:58  Queen x7  
  168  14:02  Queen x3  
  168  14:07  Drone x2  
  168  14:08  Drone x3  
  177  14:10  Infestor x4  
Show
View Real Time Build Order
Export as new Build Order

LanaDelRey Protoss - Winner!

Build Orders: 1 Gate Expand, Carriers, Carrier Rush 

Get SALT Encoding   

  12  0:00  Probe  
  13  0:12  Probe  
  14  0:19  Pylon  
  14  0:24  Probe (Chrono Boost)  
  15  0:38  Gateway, Probe (Chrono Boost)  
  16  0:46  Probe (Chrono Boost)  
  16  0:47  Assimilator  
  17  0:52  Probe  
  18  1:04  Probe  
  19  1:16  Probe  
  20  1:24  Nexus  
  20  1:35  Cybernetics Core  
  20  1:36  Probe  
  21  1:43  Assimilator  
  21  1:48  Probe  
  21  1:51  Pylon  
  22  2:00  Probe  
  23  2:08  Probe  
  23  2:11  Adept (Chrono Boost)  
  26  2:16  Probe  
  26  2:22  Stargate  
  27  2:28  Probe (Chrono Boost)  
  28  2:34  Adept  
  28  2:36  Probe (Chrono Boost)  
  31  2:38  Warp Gate  
  32  2:45  Probe (Chrono Boost)  
  32  2:46  Probe (Chrono Boost)  
  33  2:51  Gateway, Probe (Chrono Boost)  
  33  2:52  Probe (Chrono Boost)  
  35  3:03  Probe, Void Ray  
  40  3:13  Assimilator  
  40  3:16  Assimilator  
  40  3:18  Probe x2  
  42  3:30  Probe  
  42  3:31  Pylon  
  42  3:33  Probe  
  44  3:42  Probe  
  44  3:45  Probe  
  44  3:47  Shield Battery  
  46  3:54  Probe  
  45  3:57  Probe  
  45  3:58  Stargate  
  45  3:59  Fleet Beacon  
  46  4:06  Probe  
  50  4:10  Probe  
  48  4:18  Pylon, Probe  
  48  4:22  Probe  
  50  4:24  Pylon  
  51  4:34  Adept  
  53  4:40  Carrier (Chrono Boost)  
  53  4:41  Pylon  
  53  4:44  Carrier (Chrono Boost)  
  60  4:58  Adept  
  62  5:09  Protoss Air Weapons Level 1 (Chrono Boost), Nexus  
  62  5:12  Pylon  
  62  5:15  Probe  
  63  5:34  Carrier (Chrono Boost)  
  69  5:40  Probe x2  
  71  5:43  Shield Battery  
  71  5:47  Pylon  
  71  5:50  Carrier (Chrono Boost)  
  71  5:52  Probe  
  71  5:53  Probe  
  79  5:59  Twilight Council  
  79  6:05  Probe x2  
  79  6:08  Forge  
  81  6:17  Probe x2  
  83  6:27  Probe  
  83  6:29  Probe x2  
  83  6:31  Assimilator  
  83  6:32  Carrier  
  92  6:35  Assimilator  
  92  6:37  Templar Archives  
  92  6:42  Probe (Chrono Boost)  
  92  6:43  Pylon  
  92  6:46  Probe (Chrono Boost)  
  95  6:51  Probe (Chrono Boost)  
  96  6:54  Probe (Chrono Boost)  
  96  6:55  Protoss Ground Weapons Level 1 (Chrono Boost)  
  96  6:56  Probe (Chrono Boost)  
  96  6:57  Pylon  
  96  7:00  Probe (Chrono Boost), Protoss Air Weapons Level 2 (Chrono Boost)  
  98  7:03  Probe x2  
  98  7:08  Gateway  
  100  7:09  Gateway  
  100  7:12  Probe  
  100  7:13  Pylon  
  101  7:17  Psionic Storm  
  101  7:20  Probe  
  102  7:24  Photon Cannon  
  102  7:27  Photon Cannon  
  102  7:43  Carrier  
  108  7:55  Probe x3  
  111  7:58  High Templar x2  
  115  8:11  Charge  
  115  8:16  Nexus  
  115  8:18  Pylon  
  115  8:21  Carrier  
  121  8:27  Zealot x2  
  125  8:38  Probe x3  
  128  8:51  Probe x3, Protoss Ground Weapons Level 2 (Chrono Boost)  
  131  9:10  Unknown  
  131  9:12  Photon Cannon x2  
  131  9:16  Shield Battery  
  139  9:17  Shield Battery  
  139  9:18  Stargate x2  
  139  9:22  Void Ray (Chrono Boost)  
  139  9:29  Probe x2  
  139  9:30  Pylon  
  139  9:31  Probe  
  146  9:32  Pylon  
  146  9:38  Zealot, Void Ray (Chrono Boost)  
  148  9:44  Shield Battery  
  148  9:47  Shield Battery, Flux Vanes, Protoss Air Weapons Level 3 (Chrono Boost)  
  144  9:59  Carrier (Chrono Boost)  
  150  10:08  Void Ray (Chrono Boost)  
  150  10:10  Gateway, High Templar x2, Zealot, Robotics Facility  
  150  10:11  Zealot  
  150  10:14  Pylon, Void Ray (Chrono Boost)  
  166  10:16  Carrier (Chrono Boost)  
  172  10:23  Pylon  
  172  10:30  Nexus  
  172  10:33  Pylon  
  172  10:43  Photon Cannon  
  172  10:45  Photon Cannon  
  172  10:46  Shield Battery, Photon Cannon  
  172  10:47  Shield Battery  
  172  10:51  Photon Cannon  
  172  10:52  Photon Cannon  
  172  10:53  Photon Cannon  
  172  11:12  Zealot x5  
  172  11:14  Carrier x2  
  186  11:19  Archon  
  186  11:20  Archon  
  186  11:24  Carrier  
  182  11:35  Zealot x2  
  182  11:36  Zealot x3  
  175  11:52  Gateway  
  175  11:53  Gateway  
  166  11:56  High Templar x2  
  166  12:00  High Templar  
  166  12:01  High Templar x2  
  161  12:03  Probe  
  160  12:09  Probe x2  
  160  12:10  Probe  
  160  12:15  Probe  
  164  12:22  Observer  
  161  12:38  High Templar x4  
  161  12:41  Probe x3  
  172  12:56  Carrier  
  178  13:04  Robotics Bay  
  178  13:06  Probe x4  
  182  13:14  High Templar x4  
  182  13:15  High Templar  
  182  13:18  Archon  
  182  13:19  Archon  
  192  13:21  Void Ray x2  
  197  13:45  Archon x2  
  197  13:46  Archon x2  
  197  13:47  High Templar x2  
  199  13:52  Probe x2  
  191  13:59  Probe x2  
  191  14:02  High Templar x2  
  197  14:20  Probe  
  197  14:21  Probe  
Tags
 
Add a new tag
Caveats
  • Supply blocks, unpowered buildings, or Contaminate may cause inaccurate times.
  • Supply counts are checked every 10 seconds.